 Dungeon Crawl Stone Soup version 0.17-a0-1718-g72dbe4d (webtiles) character file.

1539 kae the Carver (level 8, -2/64 HPs)
             Began as a Minotaur Fighter on Aug 24, 2015.
             Killed from afar by an orc wizard (6 damage)
             ... with a puff of flame
             ... on level 7 of the Dungeon.
             The game lasted 00:05:24 (5068 turns).

kae the Carver (Minotaur Fighter)                   Turns: 5068, Time: 00:05:25

Health: -2/64      AC:  9    Str: 20    XL:     8   Next: 56%
Magic:  7/7        EV:  7    Int: 12    God:
Gold:   239        SH:  9    Dex: 11    Spells: 0 memorised, 7 levels left

rFire  . . .     SeeInvis .     a - +0 long sword
rCold  . . .     Clarity  .     b - +0 scale mail
rNeg   . . .     SustAt   .     c - +0 shield
rPois  .         Gourm    .     (helmet restricted)
rElec  .         Spirit   .     (no cloak)
rCorr  .         Warding  .     v - +0 pair of gloves
rMut   .         Stasis   .     y - +0 pair of boots
MR     .....                    (no amulet)
Stlth  ..........               (no ring)
                                (no ring)

@: brilliant, not resistant to hostile enchantments, extremely unstealthy
A: retaliatory headbutt, horns 2
a: no special abilities


You were on level 7 of the Dungeon.
You were very hungry.

You visited 1 branch of the dungeon, and saw 7 of its levels.

You collected 330 gold pieces.
You spent 91 gold pieces at shops.

Inventory:

Hand weapons
 a - a +0 long sword (weapon)
Armour
 b - a +0 scale mail (worn)
 c - a +0 shield (worn)
 v - a +0 pair of gloves (worn)
 y - a +0 pair of boots (worn)
Jewellery
 B - a cursed amulet of inaccuracy
 E - a cursed ring of loudness
Magical devices
 q - a wand of fireball (10)
Scrolls
 e - a scroll of blinking {unknown}
 f - a scroll of amnesia {unknown}
 g - 11 scrolls of identify {unknown}
 n - a scroll of immolation {unknown}
 s - 2 scrolls of remove curse {unknown}
 t - a scroll of fog {unknown}
 u - a scroll of enchant weapon {unknown}
 w - a scroll of fear {unknown}
 x - 3 scrolls of teleportation {unknown}
 A - a scroll of random uselessness {unknown}
Potions
 d - 5 potions of might
 h - a potion of resistance {unknown}
 j - a potion of cancellation {unknown}
 k - a potion of flight {unknown}
 l - 4 potions of brilliance
 m - a potion of curing
 C - a potion of magic {unknown}
 D - a potion of heal wounds {unknown}
 G - a potion of degeneration {unknown}
Books
 F - a book of Spatial Translocations

   Spells                             Type                      Level
   a - Apportation                    Translocation                1
   b - Blink                          Translocation                2
   c - Shroud of Golubria             Charms/Translocation         2
   d - Portal Projectile              Translocation                3
   e - Teleport Other                 Translocation                3
   f - Passage of Golubria            Translocation                4
Comestibles
 i - 7 meat rations
 o - 4 beef jerkies
 p - 2 slices of pizza
 r - a fruit
 z - 6 bread rations


   Skills:
 - Level 3.6 Fighting
 + Level 12.6 Long Blades
 - Level 3.6 Armour
 - Level 3.6 Shields


You had 7 spell levels left.
You didn't know any spells.

Dungeon Overview and Level Annotations

Branches:
Dungeon (7/15)
 Temple: D:4-7

Altars:
Ashenzari
Cheibriados
Dithmenos
Elyvilon
Fedhas
Makhleb
Ru
Sif Muna
Vehumet
Yredelemnul
Zin
The Shining One

Shops:
D:6 =


Innate Abilities, Weirdness & Mutations

You reflexively headbutt those who attack you in melee.
You have a pair of horns on your head.


Message History

You see here a potion of curing.
You closely miss something. Something hits you but does no damage.
You hit something. Something hits you but does no damage.
You closely miss something.
You hear some strange, mumbled words.
A puff of frost appears from out of thin air!
You block the puff of frost. Something hits you but does no damage.
You miss something. Something hits you but does no damage.
You barely miss something.
You hear some strange, mumbled words.
A magic dart appears from out of thin air!
The magic dart hits you!
* * * LOW HITPOINT WARNING * * *
You hit something. You headbutt something. Something hits you.
* * * LOW HITPOINT WARNING * * *
You hit something but do no damage.
You hear some strange, mumbled words.
A puff of flame appears from out of thin air!
The puff of flame hits you!
You die...

#..._...#..##
............##
.............
....8......
......)).# ##
.._..._.# #..##.
........### #....
......#†..##... #...
......##@......# #.#
.###..#..####... ..#
..###.....# ##
..#####..#....##.###
.# .(...#.......#
##..##.#
.............
#.....##
..........#..#
##.....# .###...#..#
#.###..###....
.##...##..#
#.##..##.....


There were no monsters in sight!

Vanquished Creatures
  Eustachio (D:4)
  The ghost of George the Slasher, an average MiFi (D:3)
  A black bear (D:5)
  2 ogres
  A phantom (D:5)
  A centaur (D:5)
  A giant frog (D:4)
  A scorpion (D:6)
  3 wights (D:6)
  2 crimson imps (D:6)
  2 hounds
  A giant frog skeleton (D:6)
  An orc priest (D:7)
  A centaur skeleton (D:6)
  2 centaur zombies
  An iguana (D:4)
  An orc wizard (D:6)
  4 worker ants
  A hound skeleton (D:5)
  7 adders
  A shadow imp (D:5)
  A worm (D:2)
  2 giant geckos (D:3)
  5 orcs
  5 giant cockroaches
  9 hobgoblins
  10 jackals
  6 kobolds
  3 quokkas
  5 ball pythons
  4 bats
  A giant gecko zombie (D:5)
  7 giant newts
  6 goblins
  2 quokka skeletons
  7 rats
109 creatures vanquished.

Vanquished Creatures (others)
  A shadow imp (D:5)
1 creature vanquished.

Grand Total: 110 creatures vanquished

Notes
Turn   | Place    | Note
--------------------------------------------------------------
     0 | D:1      | kae the Minotaur Fighter began the quest for the Orb.
     0 | D:1      | Reached XP level 1. HP: 19/19 MP: 0/0
    15 | D:1      | Reached XP level 2. HP: 17/26 MP: 1/1
   258 | D:1      | Reached skill level 4 in Long Blades
   528 | D:1      | Reached XP level 3. HP: 27/31 MP: 2/2
  1205 | D:3      | Noticed George's ghost (average MiFi)
  1402 | D:3      | HP: 1/31 [George's ghost (9)]
  1403 | D:3      | Killed George's ghost
  1403 | D:3      | Reached skill level 6 in Long Blades
  1403 | D:3      | Reached XP level 4. HP: 1/39 MP: 3/3
  1403 | D:3      | Reached XP level 5. HP: 1/45 MP: 4/4
  1697 | D:3      | Reached skill level 7 in Long Blades
  2300 | D:4      | Found a blossoming altar of Fedhas.
  2312 | D:4      | Reached XP level 6. HP: 19/51 MP: 5/5
  2570 | D:4      | Noticed an ogre
  2575 | D:4      | Killed an ogre
  2575 | D:4      | Reached skill level 8 in Long Blades
  2669 | D:4      | Noticed Eustachio
  2674 | D:4      | Killed Eustachio
  2674 | D:4      | Reached skill level 9 in Long Blades
  2674 | D:4      | Reached XP level 7. HP: 50/57 MP: 6/6
  2800 | D:4      | Found a sacrificial altar of Ru.
  2800 | D:4      | Found a shattered altar of Ashenzari.
  2800 | D:4      | Found a burning altar of Makhleb.
  2800 | D:4      | Found a glowing silver altar of Zin.
  2803 | D:4      | Found a white marble altar of Elyvilon.
  2809 | D:4      | Found a shadowy altar of Dithmenos.
  2980 | D:5      | Entered Level 5 of the Dungeon
  3073 | D:5      | Reached skill level 10 in Long Blades
  4067 | D:6      | Reached skill level 11 in Long Blades
  4147 | D:6      | Reached XP level 8. HP: 42/64 MP: 7/7
  4257 | D:6      | Found Ripluc's Jewellery Emporium.
  4284 | D:6      | Bought a cursed amulet of inaccuracy for 28 gold pieces
  4284 | D:6      | Bought a cursed ring of loudness for 63 gold pieces
  4290 | D:6      | Found a radiant altar of Vehumet.
  4517 | D:6      | Reached skill level 12 in Long Blades
  4878 | D:6      | Found a basalt altar of Yredelemnul.
  5034 | D:7      | Found a deep blue altar of Sif Muna.
  5041 | D:7      | Found a snail-covered altar of Cheibriados.
  5041 | D:7      | Found a glowing golden altar of the Shining One.
  5055 | D:7      | HP: 3/64 [something/puff of frost (9)]
  5068 | D:7      | Killed from afar by an orc wizard

Vault maps used:
D:1:      mrwooster_arrival_statue_2, grunt_decor_resistance
D:2:      minmay_door_square
D:3:      guppyfry_early_lair_pool
D:4:      minitemple, fedhas_altar_1, uniq_eustachio
D:5:      first_bread, lemuel_flamethrower_2
D:6:      kennysheep_mini, serial_shops, shop, basic_altar
D:7:      lemuel_crystal_altar, grunt_temple_overflow_open,
          minmay_temple_entry_hall

Action                   |  1- 3 |  4- 6 |  7- 9 || total
-------------------------+-------+-------+-------++-------
Melee: Long sword        |    97 |    79 |   191 ||   367
  Use: Potion            |     1 |     1 |     2 ||     4
  Eat: Chunk             |     1 |     1 |     5 ||     7
       Bread ration      |       |     1 |       ||     1
       Fruit             |       |       |     1 ||     1
